 Dungeon Crawl Stone Soup version 0.29.1-2-gbd0b4ee654 (webtiles) character file.

Game seed: 10983601431999991945

732 Icepheonix32 the Insei (level 7, -3/52 HPs)
             Began as a Demigod Transmuter on Nov 10, 2022.
             Slain by Edmund
             ... wielding a +4 vorpal flail
              (4 damage)
             ... on level 4 of the Dungeon.
             The game lasted 00:05:47 (5500 turns).

Icepheonix32 the Insei (Demigod Transmuter)         Turns: 5500, Time: 00:05:48

Health: -3/52      AC:  2    Str: 15    XL:     7   Next: 21%
Magic:  12/14      EV: 27    Int: 15    God:
Gold:   241        SH:  5    Dex: 27    Spells: 1/11 levels left

rFire   . . .      SeeInvis .     - Unarmed
rCold   . . .      Faith    .   (shield currently unavailable)
rNeg    . . .      Spirit   .   (body armour currently unavailable)
rPois   x          Reflect  +   (helmet currently unavailable)
rElec   .          Harm     .   (cloak currently unavailable)
rCorr   .          Rampage  .   (gloves currently unavailable)
Will    .....                   (boots currently unavailable)
Stlth   ++........              p - amulet of reflection
HPRegen 0.17/turn               h - ring "Humul" {EV+4 Dex+4}
MPRegen 0.14/turn               r - ring of wizardry

@: spider-form (expiring)
A: venomous fangs, tiny, high MP 1, forlorn, divine attributes
a: End Transformation


You were on level 4 of the Dungeon.
You were a venomous arachnid creature.
You visited 1 branch of the dungeon, and saw 4 of its levels.

You collected 241 gold pieces.

Inventory:

Missiles
 m - a throwing net
Armour
 a - a +0 robe (melded)
 b - a +0 pair of boots (melded)
 z - a +0 pair of gloves (melded)
Jewellery
 h - the ring "Humul" (left front leg) {EV+4 Dex+4}
   (You found it on level 2 of the Dungeon)

   [ring of evasion]

   EV:        It affects your evasion (+4).
   Dex:       It affects your dexterity (+4).
 n - an amulet of guardian spirit
 p - an amulet of reflection (around neck)
 r - a ring of wizardry (right front leg)
 t - a ring of willpower
Wands
 y - a wand of polymorph (7)
 C - a wand of roots (5)
Scrolls
 g - 2 scrolls of fear {unknown}
 i - 2 scrolls of amnesia {unknown}
 j - 4 scrolls of identify {unknown}
 s - 2 scrolls of enchant armour {unknown}
 v - a scroll of summoning {unknown}
 w - a scroll of vulnerability {unknown}
 A - a scroll of teleportation {unknown}
 B - a scroll of magic mapping {unknown}
 D - a scroll of immolation {unknown}
Potions
 c - 3 potions of curing {unknown}
 d - a potion of brilliance {unknown}
 e - a potion of ambrosia {unknown}
 f - 2 potions of experience {unknown}
 k - a potion of attraction {unknown}
 l - 5 potions of heal wounds {unknown}
 o - a potion of might {unknown}
 q - 2 potions of mutation {unknown}
 u - a potion of magic {unknown}
 x - 2 potions of invisibility


   Skills:
 + Level 1.4 Fighting
 * Level 3.6 Dodging
 - Level 0.5 Stealth
 + Level 4.4 Unarmed Combat
 + Level 2.7 Spellcasting
 * Level 4.3 Transmutations
 + Level 0.2 Ice Magic
 * Level 2.6 Poison Magic


You had one spell level left.
You knew the following spells:

 Your Spells              Type           Power      Damage    Failure   Level
a - Beastly Appendage     Tmut           28%        N/A       4%          1
b - Spider Form           Tmut/Pois      12%        N/A       14%         3
c - Wereblood             Tmut           14%        N/A       6%          2
d - Ice Form              Ice/Tmut       8%         N/A       47%         4

Your spell library contained the following spells:

 Spells                   Type           Power      Damage    Failure   Level
 Sandblast                Erth           4%         2d4       17%         1
 Passwall                 Tmut/Erth      6%         N/A       12%         2
 Scorch                   Fire           4%         2d5       24%         2
 Stone Arrow              Conj/Erth      4%         3d7       38%         3
 Flame Wave               Conj/Fire      2%         2d4       75%         4
 Summon Cactus Giant      Summ           1%         N/A       100%        6


Dungeon Overview and Level Annotations

Branches:
Dungeon (4/15)             Temple (0/1) D:4

Annotations:
D:4 1 runed translucent door, Crazy Yiuf, Edmund


Innate Abilities, Weirdness & Mutations

You are a venomous arachnid creature.
You have poisonous fangs.
You are tiny and dextrous.
Your spellcasting is less reliable in this form.
Your armour is entirely melded.
You are incapable of wielding weapons or throwing items.
You have an increased reservoir of magic. (+10% MP)
You shall have no god before yourself.
Your divine heritage dramatically boosts your attributes as you level up.


Message History

Edmund is nearby!
You turn into a venomous arachnid creature.
Your +0 pair of gloves melds into your body.
Your +0 pair of boots melds into your body.
Your +0 robe melds into your body.
Edmund completely misses you.
You hit Edmund.
Edmund is poisoned.
Edmund is lightly wounded.
Edmund completely misses you.
You hit Edmund but do no damage.
Edmund looks as sick as possible!
Edmund is lightly wounded.
Edmund completely misses you.
You hit Edmund but do no damage.
Edmund looks as sick as possible!
Edmund is lightly wounded.
You hit Edmund.
Edmund looks as sick as possible!
Edmund is moderately wounded.
Edmund hits you with a +4 vorpal flail!
You hit Edmund but do no damage.
Edmund looks as sick as possible!
Edmund is heavily wounded.
Edmund says, "I'm quite good with sums, too."
Edmund hits you with a +4 vorpal flail!
You barely miss Edmund.
Edmund is heavily wounded.
Edmund barely misses you.
You hit Edmund but do no damage.
Edmund looks as sick as possible!
Edmund is heavily wounded.
Edmund hits you with a +4 vorpal flail!
You hit Edmund but do no damage.
Edmund looks as sick as possible!
Edmund is severely wounded.
Your transformation is almost over.
Edmund misses you.
You hit Edmund but do no damage.
Edmund looks as sick as possible!
Edmund is severely wounded.
Edmund hits you with a +4 vorpal flail.
* * * LOW HITPOINT WARNING * * *
You hit Edmund but do no damage.
Edmund looks as sick as possible!
Edmund is almost dead.
Edmund hits you with a +4 vorpal flail!
* * * LOW HITPOINT WARNING * * *
You die...

.#...#...##...
########.#.#.
..............
..........#.
.#...........
######...#.
..........####
##### ##...#.
###...........
....# #....#.
###.....### #...#
#.#..#. #.....#
#...# #.#..#.
#.....# #@..#
#.#..#.
#####.######s..#.#
#.#..#.
#.#.....)....#
#.#..#.
#.#.#####.####
#.#)...
#.........#
####.##.##
#.##...####
#....##...
#####......#
###....#####
#........#.#
##...........
#........#.#
##[...#.......
#........#..
#.....#.......


You could see Edmund (extremely poisoned).

Vanquished Creatures
  Grinder (D:3)
  Sigmund (D:3)
  Menkaure (D:4)
  A howler monkey (D:3)
  The ghost of wingedge the Caller, a weakling FeSu (D:3)
  A scorpion zombie (D:3)
  An iguana (D:4)
  An orc wizard (D:4)
  An adder (D:2)
  An ufetubus (D:3)
  An adder zombie (D:3)
  A worm (D:2)
  2 dart slugs
  5 orcs
  12 bats
  4 endoplasms
  3 giant cockroaches
  6 goblins
  3 hobgoblins
  6 jackals
  8 kobolds
  6 quokkas
  10 ball pythons
  6 frilled lizards
  3 rats
86 creatures vanquished.

Notes
Turn   | Place    | Note
-------+----------+-------------------------------------------
     0 | D:1      | Icepheonix32 the Demigod Transmuter began the quest for the
                  | Orb.
     0 | D:1      | Reached XP level 1. HP: 15/15 MP: 5/5
   270 | D:1      | You fall into a shaft and drop 1 floor!
   599 | D:2      | Reached XP level 2. HP: 20/22 MP: 5/7
   605 | D:2      | Reached skill level 1 in Fighting
  1358 | D:2      | HP: 1/23 [quokka (3)]
  1362 | D:2      | Reached XP level 3. HP: 1/28 MP: 8/8
  1711 | D:2      | Identified the ring "Humul" {EV+4 Dex+4}
  2248 | D:1      | Noticed a golden eye
  2249 | D:1      | Noticed a golden eye
  2250 | D:1      | Noticed a shining eye
  2250 | D:1      | Noticed a shining eye
  2715 | D:1      | Learned a level 3 spell: Spider Form
  2718 | D:1      | Learned a level 2 spell: Wereblood
  3291 | D:3      | Noticed Sigmund
  3299 | D:3      | Killed Sigmund
  3300 | D:3      | Reached skill level 1 in Poison Magic
  3300 | D:3      | Reached XP level 4. HP: 35/35 MP: 8/10
  3300 | D:3      | Reached XP level 5. HP: 40/40 MP: 8/11
  3406 | D:3      | Noticed Grinder
  3416 | D:3      | Paralysed by something for 2 turns
  3425 | D:3      | Killed Grinder
  3426 | D:3      | Reached XP level 6. HP: 42/47 MP: 6/12
  3765 | D:3      | Learned a level 4 spell: Ice Form
  3794 | D:3      | Found a runed translucent gate.
  3794 | D:3      | Noticed wingedge's ghost (weakling FeSu)
  3795 | D:3      | Found a runed translucent gate.
  3795 | D:3      | Found a runed translucent gate.
  3844 | D:3      | Killed wingedge's ghost
  4654 | D:4      | Found a staircase to the Ecumenical Temple.
  4791 | D:4      | Noticed Menkaure
  4802 | D:4      | Killed Menkaure
  4803 | D:4      | Reached XP level 7. HP: 20/52 MP: 10/14
  5023 | D:4      | Found a runed translucent door.
  5024 | D:4      | Noticed Crazy Yiuf
  5488 | D:4      | Noticed Edmund
  5500 | D:4      | HP: 1/52 [Edmund/+4 vorpal flail (14)]
  5500 | D:4      | Slain by Edmund

Illustrated notes

Levels and vault maps discovered:
D:1:      amcnicky_arrival_choice, layout_loops_corners,
          hellmonk_ecumenical_altar_watching_god, grunt_decor_fettered,
          minmay_surrounded
D:2:      layout_basic, minmay_tiny_reverse_x
D:3:      layout_basic, nicolae_yredelemnul_ghost_church, uniq_grinder,
          uniq_sigmund
D:4:      layout_basic, minmay_temple_entry_mini_moons, uniq_edmund,
          uniq_menkaure, uniq_crazy_yiuf_cottage

Skill      XL: |  1  2  3  4  5  6 |
---------------+-------------------+-----
Transmutations | 2 3 4 |  4.3
Unarmed Combat | 3 4 |  4.4
Fighting       | 1 |  1.4
Dodging        | 2 3 |  3.6
Spellcasting   | 2 |  2.7
Poison Magic   | 1 2 |  2.6
Stealth        | |  0.5
Ice Magic      | |  0.2

Action                   |  1- 3 |  4- 6 |  7- 9 || total
-------------------------+-------+-------+-------++-------
Melee: Unarmed           |   158 |    96 |    25 ||   279
       Kick              |    22 |    15 |       ||    37
       Headbutt          |     7 |     8 |       ||    15
       Punch             |     6 |     2 |       ||     8
 Cast: Beastly Appendage |    31 |     9 |       ||    40
       Spider Form       |       |     7 |     4 ||    11
  Use: Potion            |     1 |     1 |       ||     2
 Stab: Sleeping          |     2 |     3 |     1 ||     6
Armor: Robe              |    16 |     6 |       ||    22
       Skin              |     4 |    25 |       ||    29
Dodge: Dodged            |   130 |    74 |    17 ||   221
Block: Other             |       |     1 |     1 ||     2
